 Dungeon Crawl Stone Soup version 0.27-a0-1365-ge71e8f7681 (webtiles) character file.

Game seed: 1862199483535391308

56 HAL9000 the Sneak (level 3, -4/18 HPs)
             Began as a Vine Stalker Brigand on June 28, 2021.
             Slain by a kobold (5 damage)
             ... on level 2 of the Dungeon.
             The game lasted 00:02:10 (1612 turns).

HAL9000 the Sneak (Vine Stalker Brigand)            Turns: 1612, Time: 00:02:11

Health: -4/18      AC:  3    Str: 13    XL:     3   Next: 97%
Magic:  0/4        EV:  8    Int: 18    God:
Gold:   65         SH:  0    Dex: 15    Spells: 2/2 levels left

rFire    . . .     SeeInvis +   a - +2 dagger
rCold    . . .     Faith    .   (no shield)
rNeg     . . .     Spirit   +   b - +0 robe
rPois    .         Reflect  .   (no helmet)
rElec    .         Harm     .   c - +0 cloak
rCorr    .         Rampage  .   (no gloves)
Will     .....                  (no boots)
Stlth    +++.......             (no amulet)
HPRegen  0.06/turn              l - +6 ring of intelligence
MPRegen  0.09/turn              k - ring of see invisible

@: constricted
A: fangs 2, magic shield, antimagic bite, no potion heal 2
a: no special abilities


You were on level 2 of the Dungeon.
You visited 1 branch of the dungeon, and saw 2 of its levels.

You collected 65 gold pieces.

Inventory:

Hand Weapons
 a - a +2 dagger (weapon)
Missiles
 d - 35 poisoned darts (quivered)
 e - 2 curare-tipped darts
Armour
 b - a +0 robe (worn)
 c - a +0 cloak (worn)
Jewellery
 k - a ring of see invisible (right hand)
 l - a +6 ring of intelligence (left hand)
Scrolls
 g - a scroll of magic mapping {unknown}
 j - a scroll of enchant weapon {unknown}
Potions
 f - 2 potions of haste {unknown}
 h - a potion of flight {unknown}
 i - a potion of lignification {unknown}


   Skills:
 - Level 1.7 Fighting
 - Level 1.7 Short Blades
 - Level 3.3 Throwing
 - Level 0.7 Dodging
 + Level 5.4 Stealth


You had 2 spell levels left.
You didn't know any spells.
Your spell library was empty.

Dungeon Overview and Level Annotations

Branches:
Dungeon (2/15)

Altars:


Innate Abilities, Weirdness & Mutations

You have extremely sharp teeth.
When hurt, damage is shared between your health and your magic reserves.
Your bite disrupts and absorbs the magic of your enemies.
Potions cannot restore your health.


Message History

The kobold hits you but does no damage.
You closely miss the kobold. Your bite misses the kobold.
The kobold is moderately wounded.
The kobold hits you with a +0 whip.
You closely miss the kobold. The kobold hits you with a +0 whip.
An endoplasm comes into view.
The endoplasm quivers.
You hit the kobold. You bite the kobold. You drain its power.
The kobold is severely wounded.
The kobold hits you with a +0 whip.
You are too injured to fight recklessly!
You are too injured to fight recklessly!
Unknown command.
Unknown command.
You barely miss the kobold.
The kobold is severely wounded.
You barely miss the kobold.
The kobold is severely wounded.
The kobold closely misses you. The ball python closely misses you.
The ball python misses you.
You barely miss the kobold. Your bite misses the kobold.
The kobold is severely wounded.
The kobold hits you with a +0 whip. The ball python completely misses you.
The ball python grabs you. The ball python constricts you.
You hit the kobold but do no damage.
The kobold is severely wounded.
The ball python bites you but does no damage.
The ball python constricts you. The kobold barely misses you.
You barely miss the kobold.
The kobold is severely wounded.
The ball python bites you.
* * * LOW HITPOINT WARNING * * *
The ball python constricts you. The kobold hits you with a +0 whip.
* * * LOW HITPOINT WARNING * * *
You closely miss the kobold. Your bite misses the kobold.
The kobold is severely wounded.
The ball python bites you.
* * * LOW HITPOINT WARNING * * *
The ball python constricts you. The kobold hits you with a +0 whip.
You die...

####### #.........#
#.....# #.........#
#.....###.........#
#.................###
#......##............
#......#.............
#......##............
..####+#.....#..#.###...
.....JK@.?..............
......S.........#.###...
########.#####..#.# ##..
#.##..†..#.# #..
#.##.##..#.# #.. ...#
#...#.# #.. ...
#...#.####.. ..#
#.......##..
#.#.#.#.#.##.#


You could see an endoplasm, a ball python and a kobold.

Vanquished Creatures
  A gnoll (D:1)
  An adder (D:2)
  A dart slug (D:1)
  A ball python (D:1)
  4 bats (D:2)
  6 endoplasms
  6 goblins
  2 hobgoblins
  2 kobolds
  2 quokkas
  2 frilled lizards
  4 rats
32 creatures vanquished.

Notes
Turn   | Place    | Note
-------+----------+-------------------------------------------
     0 | D:1      | HAL9000 the Vine Stalker Brigand began the quest for the
                  | Orb.
     0 | D:1      | Reached XP level 1. HP: 11/11 MP: 2/2
   403 | D:1      | Reached XP level 2. HP: 15/15 MP: 3/3
   812 | D:1      | Reached XP level 3. HP: 18/18 MP: 4/4
  1360 | D:2      | Reached skill level 5 in Stealth
  1612 | D:2      | Slain by a kobold

Illustrated notes

Levels and vault maps discovered:
D:1:      beargit_arrival_greenhouse, layout_basic, serial_forest,
          infiniplex_forest_zigzag_1, infiniplex_forest_straight_3,
          infiniplex_forest_corner_2, infiniplex_forest_lined_room_2,
          infiniplex_forest_lined_room_, infiniplex_forest_clump_curved,
          infiniplex_forest_lined_corner
D:2:      layout_basic

Skill      XL: |  1  2  3 |
---------------+----------+-----
Throwing       | 2 3 |  3.3
Stealth        | 5 |  5.4
Fighting       | |  1.7
Short Blades   | |  1.7
Dodging        | |  0.7

Action                   || total
-------------------------++-------
Melee: Dagger            ||    86
       Bite              ||    20
Throw: Dart              ||     8
 Stab: Sleeping          ||    10
Armor: Robe              ||     9
Dodge: Dodged            ||    50

Table legend: (Time is in decaauts)
 A = Elapsed time spent in this place.
 B = Non-inter-level travel time spent in this place.
 C = Inter-level travel time spent in this place.
 D = Time resting spent in this place.
 E = Time spent auto-exploring this place.
 F = Levels seen in this place.
 G = Mean time per level.
                   A        B        C        D        E       F      G
               +--------+--------+--------+--------+--------+-----+--------+
         Total |   1602 |   1564 |     38 |     22 |   1291 |   2 |  801.0 |
       Dungeon |   1602 |   1564 |     38 |     22 |   1291 |   2 |  801.0 |
               +--------+--------+--------+--------+--------+-----+--------+

Top non-repeatable levels by time:
     D:1: 1337 daAuts
     D:2: 264 daAuts
